 Dungeon Crawl Stone Soup version 0.22-a0-136-g83a10e5 (webtiles) character file.

4 mhoghedin the Magician (level 1, -2/16 HPs)
             Began as a Draconian Wizard on Feb 4, 2018.
             Slain by a hobgoblin (3 damage)
             ... on level 1 of the Dungeon.
             The game lasted 00:00:40 (66 turns).

mhoghedin the Magician (Draconian Wizard)             Turns: 66, Time: 00:00:41

Health: -2/16      AC:  4    Str:  9    XL:     1   Next: 50%
Magic:  0/4        EV: 12    Int: 18    God:
Gold:   0          SH:  0    Dex:  9    Spells: 5/6 levels left

rFire    . . .     SeeInvis .   (no weapon)
rCold    . . .     Gourm    .   (no shield)
rNeg     . . .     Faith    .   (armour unavailable)
rPois    .         Spirit   .   a - +0 hat
rElec    .         Reflect  .   (no cloak)
rCorr    .         Harm     .   (no gloves)
MR       .....                  (no boots)
Stlth    ++........             (no amulet)
HPRegen  0.05/turn              (no ring)
MPRegen  0.09/turn              (no ring)

@: very slightly contaminated
A: unfitting armour, cold-blooded, AC +4
a: no special abilities


You were on level 1 of the Dungeon.
You were not hungry.

You visited 1 branch of the dungeon, and saw 1 of its levels.

Inventory:

Armour
 a - a +0 hat (worn)
Books
 b - a book of Minor Magic
Comestibles
 c - a ration


   Skills:
 + Level 1.2 Fighting
 - Level 1.7 Dodging
 - Level 1.7 Stealth
 - Level 3.0 Spellcasting
 - Level 1.0 Conjurations
   Level 1.0 Summonings
   Level 1.0 Translocations


You had 5 spell levels left.
You knew the following spells:

 Your Spells              Type           Power        Failure   Level  Hunger
a - Magic Dart            Conj           #...         11%         1    None


Dungeon Overview and Level Annotations

Branches:
Dungeon (1/15)

Altars:


Innate Abilities, Weirdness & Mutations

Your plain brown scales are hard. (AC +4)
You cannot fit into any form of body armour.
You are cold-blooded and may be slowed by cold attacks.


Message History

The bat misses you. The bat hits you.
* * * LOW HITPOINT WARNING * * *
The frilled lizard barely misses you. The hobgoblin misses you.
You take 1 damage, and have 4/14 hp.
The bat closely misses you. The bat hits you but does no damage.
The rat closely misses you. The frilled lizard barely misses you.
The bat hits you but does no damage. The hobgoblin barely misses you.
A giant cockroach comes into view.
The bat hits you but does no damage. The bat hits you.
* * * LOW HITPOINT WARNING * * *
You take 1 damage, and have 4/14 hp.
The bat closely misses you. The bat hits you but does no damage.
The giant cockroach closely misses you.
Your magical contamination has completely faded away.
The bat hits you but does no damage.
MP restored: 4 The bat hits you but does no damage.
The bat hits you.
* * * LOW HITPOINT WARNING * * *
You take 1 damage, and have 3/14 hp.
The bat hits you but does no damage. The bat hits you but does no damage.
The bat hits you.
* * * LOW HITPOINT WARNING * * *
You take 1 damage, and have 2/14 hp.
You hit the bat but do no damage.
Your tail-slap misses the bat.
The bat hits you but does no damage. The bat closely misses you.
You completely miss the bat. The bat hits you but does no damage.
You aren't carrying any potions.
You miss the bat. The bat hits you.
* * * LOW HITPOINT WARNING * * *
The bat misses you.
You take 1 damage, and have 1/14 hp.
You barely miss the bat.
Your tail-slap misses the bat.
The bat closely misses you.
Aim: a bat You miscast Magic Dart.
You are very lightly contaminated with residual magic.
You feel a strange surge of energy! The bat closely misses you.
You now have 3/4 mp.
Aim: a bat You miscast Magic Dart.
Nothing appears to happen.
The bat misses you. The bat hits you but does no damage.
You now have 2/4 mp.
Aim: a bat The magic dart hits the bat.
The bat closely misses you.
You now have 1/4 mp.
Aim: a bat (heavily wounded)
The magic dart hits the bat.
You kill the bat!
You now have 0/4 mp.
You don't have enough magic to cast that spell.
You don't have enough magic to cast that spell.
You completely miss the rat. The rat closely misses you.
You hit the rat.
You kill the rat!
You completely miss the giant cockroach.
The giant cockroach bites you but does no damage.
You hit the giant cockroach but do no damage.
The giant cockroach closely misses you.
You hit the giant cockroach but do no damage.
The giant cockroach misses you. The giant cockroach barely misses you.
You barely miss the giant cockroach. The giant cockroach closely misses you.
You hit the giant cockroach but do no damage.
The giant cockroach misses you.
You hit the giant cockroach.
Your tail-slap misses the giant cockroach.
The giant cockroach closely misses you.
You hit the giant cockroach but do no damage.
The giant cockroach bites you but does no damage.
You hit the giant cockroach but do no damage.
The giant cockroach barely misses you. The giant cockroach bites you.
* * * LOW HITPOINT WARNING * * *
You take 1 damage, and have 1/15 hp.
You hit the giant cockroach but do no damage.
The giant cockroach closely misses you.
You hit the giant cockroach but do no damage.
You kill the giant cockroach!
Your Fighting skill increases to level 1!
Aim: a frilled lizard The magic dart hits the frilled lizard.
You kill the frilled lizard!
You now have 0/4 mp.
You don't have enough magic to cast that spell.
Aim: a hobgoblin (moderately wounded)
The magic dart hits the hobgoblin.
You now have 0/4 mp.
You barely miss the hobgoblin. The hobgoblin completely misses you.
You hit the hobgoblin but do no damage. The hobgoblin closely misses you.
You hit the hobgoblin but do no damage.
The hobgoblin hits you but does no damage.
You hit the hobgoblin. The hobgoblin hits you.
* * * LOW HITPOINT WARNING * * *
You take 1 damage, and have 1/16 hp.
You hit the hobgoblin but do no damage. The hobgoblin hits you.
You die...

#...# #...#
#...###
#...#.
#.... ...
#.# #@# #g#
#.# #.# #.#
........
#.# ......r
#†# ......
#.# ..!..
###.#######


You could see a hobgoblin.

Vanquished Creatures
  A bat (D:1)
  A giant cockroach (D:1)
  A frilled lizard (D:1)
  A rat (D:1)
4 creatures vanquished.

Notes
Turn   | Place    | Note
-------+----------+-------------------------------------------
     0 | D:1      | mhoghedin the Draconian Wizard began the quest for the Orb.
     0 | D:1      | Reached XP level 1. HP: 14/14 MP: 4/4
    31 | D:1      | HP: 3/14 [bat (1)]
    37 | D:1      | HP: 1/14 [bat (1)]
    52 | D:1      | HP: 1/15 [giant cockroach (1)]
    54 | D:1      | Reached skill level 1 in Fighting
    65 | D:1      | HP: 1/16 [hobgoblin (1)]
    66 | D:1      | Slain by a hobgoblin

Vault maps used:
D:1:      eino_arrival_druids_welcome

Skill      XL: |  1 |
---------------+----+-----
Fighting       | 1 |  1.2
Dodging        | |  1.7
Stealth        | |  1.7
Spellcasting   | |  3.0
Conjurations   | |  1.0
Summonings     | |  1.0
Translocations | |  1.0

Action                   || total
-------------------------++-------
Melee: Unarmed           ||    26
       Tailslap          ||     1
 Cast: Magic Dart        ||     5
Armor: Skin              ||    19
Dodge: Dodged            ||    37

Table legend:
 A = Spawn XP
 B = Non-spawn XP
 C = Spawn XP percentage of total XP
 D = Spawn monster count
 E = Non-spawn monster count
 F = Spawn count percentage of total count
 G = Total turns spent on level
                    A         B        C        D         E        F      G
               +---------+---------+-------+---------+---------+-------+---------
         Total |       0 |       6 |   0.0 |       0 |       4 |   0.0 |    66
               +---------+---------+-------+---------+---------+-------+---------
           D:1 |       0 |       6 |   0.0 |       0 |       4 |   0.0 |    66
               +---------+---------+-------+---------+---------+-------+---------

Vault maps used:
D:1:      eino_arrival_druids_welcome

Table legend:
 A = Turns spent in this place as a percentage of turns spent in the entire game.
 B = Non-inter-level travel turns spent in this place as a percentage of non-inter-level travel turns spent in the entire game.
 C = Inter-level travel turns spent in this place as a percentage of turns spent in this place.
 D = Turns resting spent in this place as a percentage of non-inter-level travel turns spent in this place.
 E = Turns spent auto-exploring this place as a percentage of non-inter-level travel turns spent in this place.
 F = Non-inter-level travel turns spent in this place divided by the number of levels of this place that you've seen.
                   A       B       C       D       E      F
               +-------+-------+-------+-------+-------+----------------------
         Total | 100.0 | 100.0 |   0.0 |   0.0 |   3.0 |  66.0
       Dungeon | 100.0 | 100.0 |   0.0 |   0.0 |   3.0 |  66.0
               +-------+-------+-------+-------+-------+----------------------

Table legend:
 A = Kills in this place as a percentage of kills in entire the game.
 B = Kills by you in this place as a percentage of kills by you in the entire game.
 C = Kills by friends in this place as a percentage of kills by friends in the entire game.
 D = Other kills in this place as a percentage of other kills in the entire game.
 E = Experience gained in this place as a percentage of experience gained in the entire game.
 F = Experience gained in this place divided by the number of levels of this place that you have seen.
                   A       B       C       D       E      F
               +-------+-------+-------+-------+-------+----------------------
         Total | 100.0 | 100.0 |   N/A |   N/A | 100.0 |   6.0
       Dungeon | 100.0 | 100.0 |   N/A |   N/A | 100.0 |   6.0
               +-------+-------+-------+-------+-------+----------------------
